 Dungeon Crawl Stone Soup version 0.25-a0-631-gc915619 (webtiles) character file.

Game seed: 14448967710505540132, levelgen mode: deterministic

16 MrTaco21 the Shield-Bearer (level 2, -1/19 HPs)
             Began as a Gargoyle Fighter on Mar 18, 2020.
             Slain by a jackal (2 damage)
             ... on level 1 of the Dungeon.
             The game lasted 00:00:34 (298 turns).

MrTaco21 the Shield-Bearer (Gargoyle Fighter)        Turns: 298, Time: 00:00:35

Health: -1/19      AC:  9    Str: 19    XL:     2   Next: 58%
Magic:  2/2        EV:  7    Int:  8    God:
Gold:   37         SH:  9    Dex:  9    Spells: 1/1 levels left

rFire    . . .     SeeInvis .   a - +0 flail
rCold    . . .     Gourm    .   c - +0 kite shield
rNeg     + . .     Faith    .   b - +0 scale mail
rPois    ∞         Spirit   .   (no helmet)
rElec    +         Reflect  .   (no cloak)
rCorr    .         Harm     .   (no gloves)
MR       .....                  (no boots)
Stlth    ..........             (no amulet)
HPRegen  0.06/turn              (no ring)
MPRegen  0.08/turn              (no ring)

@: no status effects
A: negative energy resistance 1, electricity resistance, unbreathing,
petrification resistance, rot immunity, AC +2
a: no special abilities


You were on level 1 of the Dungeon.
You were not hungry.

You visited 1 branch of the dungeon, and saw 1 of its levels.

You collected 37 gold pieces.

Inventory:

Hand Weapons
 a - a +0 flail (weapon)
Armour
 b - a +0 scale mail (worn)
 c - a +0 kite shield (worn)
Scrolls
 i - a scroll of fog {unknown}
Potions
 d - a potion of might
 f - a potion of brilliance {unknown}
 h - a potion of curing {unknown}
 j - a potion of haste {unknown}
Comestibles
 e - a ration {!d}
 g - 5 chunks of flesh


   Skills:
 - Level 3.2 Fighting
 + Level 3.1 Maces & Flails
 - Level 3.2 Armour
 - Level 3.2 Shields


You had one spell level left.
You didn't know any spells.
Your spell library was empty.

Dungeon Overview and Level Annotations

Branches:
Dungeon (1/15)

Altars:


Innate Abilities, Weirdness & Mutations

You are resistant to torment.
Your stone body is resilient. (AC +2)
You are immune to poison.
You resist negative energy. (rN+)
You are resistant to electric shocks. (rElec)
You can survive without breathing.
You are immune to petrification.
You are immune to rotting.


Message History

You block the leopard gecko's attack.
You barely miss the leopard gecko. You block the leopard gecko's attack.
Unknown command.
You sock the leopard gecko!
You kill the leopard gecko!
Unknown command.
You start resting.
Some of the chunks of flesh in your inventory have rotted away.
A jackal comes into view.
The jackal barks!
You hear a shout! x2
Found a stone staircase leading down.
You closely miss the jackal. You block the jackal's attack.
The jackal bites you but does no damage.
You barely miss the jackal. You block the jackal's attack.
A kobold comes into view. It is wielding a +0 dagger.
A jackal comes into view.
The jackal bites you.
* * * LOW HITPOINT WARNING * * *
You barely miss the jackal.
The jackal barks!
You hear a bark! x3
The jackal bites you but does no damage.
Unknown command.
You closely miss the jackal.
The jackal pauses to sniff the ground.
The jackal bites you but does no damage.
The jackal bites you.
* * * LOW HITPOINT WARNING * * *
The jackal bites you but does no damage.
You closely miss the jackal.
The jackal stops to sniff the ground.
You block the jackal's attack. The jackal closely misses you.
A jackal comes into view.
A hobgoblin comes into view. It is wielding a +0 club.
The jackal bites you but does no damage.
The jackal bites you.
* * * LOW HITPOINT WARNING * * *
The jackal barks!
You hit the jackal but do no damage.
The jackal bites you but does no damage.
The jackal barely misses you.
A jackal comes into view.
The jackal bites you but does no damage.
You block the jackal's attack.
Unknown command.
You sock the jackal!
You kill the jackal!
You block the jackal's attack. The jackal bites you.
* * * LOW HITPOINT WARNING * * *
You closely miss the hobgoblin. The jackal bites you.
You die...

#.#)#
#...#...#.
#...#
#...#.....
##..#
#...#...#.
#..#
##########
#(.# ##.## #
#####..##.###
#......hKh..#
#.####@##h#.#
#g# # #..
...# ....
#..#.. #.##!.
#. #>#


You could see 2 jackals, a hobgoblin and a kobold.

Vanquished Creatures
  A leopard gecko (D:1)
  A giant cockroach (D:1)
  3 goblins (D:1)
  A hobgoblin (D:1)
  A jackal (D:1)
  3 kobolds (D:1)
  2 bats (D:1)
  A rat (D:1)
13 creatures vanquished.

Notes
Turn   | Place    | Note
-------+----------+-------------------------------------------
     0 | D:1      | MrTaco21 the Gargoyle Fighter began the quest for the Orb.
     0 | D:1      | Reached XP level 1. HP: 14/14 MP: 1/1
   145 | D:1      | Reached XP level 2. HP: 19/19 MP: 2/2
   298 | D:1      | Slain by a jackal

Levels and vault maps discovered:
D:1:      minmay_arrival_nine_rooms, layout_basic, minmay_bisected

Skill      XL: |  1  2 |
---------------+-------+-----
Maces & Flails | 3 |  3.1
Fighting       | |  3.2
Armour         | |  3.2
Shields        | |  3.2

Action                   || total
-------------------------++-------
Melee: Flail             ||    49
Armor: Scale mail        ||    22
Dodge: Dodged            ||     8
Block: Kite shield       ||    29

Table legend:
 A = Non-vault XP
 B = Vault XP
 C = Vault XP percentage of total XP
 D = Non-vault monster count
 E = Vault monster count
 F = Vault count percentage of total count
                 A         B        C        D         E       F
            +---------+---------+-------+---------+---------+-------
      Total |      22 |       2 |   8.3 |      12 |       1 |   7.7
            +---------+---------+-------+---------+---------+-------
        D:1 |      22 |       2 |   8.3 |      12 |       1 |   7.7
            +---------+---------+-------+---------+---------+-------
